 Dungeon Crawl Stone Soup version 0.30-a0-782-ge64f9170bb (console) character file.

Game seed: 16583527606381268304

5623 utis the Zephyrmancer (level 10, 0/60 HPs)
             Began as a Tengu Wanderer on Feb 25, 2023.
             Slain by a yak (12 damage)
             ... on level 10 of the Dungeon.
             The game lasted 00:52:45 (13815 turns).

utis the Zephyrmancer (Tengu Wanderer)             Turns: 13815, Time: 00:52:45

Health: 0/60       AC:  8    Str: 14    XL:     10   Next: 73%
Magic:  7/17       EV: 17    Int: 17    God:
Gold:   606        SH:  0    Dex: 18    Spells: 3/17 levels left

rFire   . . .      SeeInvis .    b - staff of air
rCold   . . .      Faith    .    (no shield)
rNeg    . . .      Spirit   .    N - +0 acid dragon scales
rPois   .          Reflect  .    (helmet restricted)
rElec   +          Harm     .    E - +0 cloak
rCorr   +          Rampage  .    (no gloves)
Will    .....                    (boots unavailable)
Stlth   +                        (no amulet)
HPRegen 0.30/turn                Z - ring of wizardry
MPRegen 0.15/turn                X - +6 ring of dexterity

@: flying quickly and evasively, quick
A: beak, talons 3, nimble flight
a: no special abilities


You were on level 10 of the Dungeon.
You visited 1 branch of the dungeon, and saw 10 of its levels.

You collected 606 gold pieces.

Inventory:

Hand Weapons
 a - a +2 dagger of venom
 h - a +0 club
 t - a +0 short sword
 y - a +0 great sword
 B - a +2 dagger of pain
 G - a +0 halberd
 L - a +4 trident of freezing
Missiles
 A - 2 boomerangs
 M - a throwing net {=f}
Armour
 c - a +0 scale mail
 e - a +0 leather armour
 E - a +0 cloak (worn)
 N - +0 acid dragon scales (worn)
 Q - +0 steam dragon scales
Magical Staves
 b - a staff of air (weapon)
 z - a staff of death
Jewellery
 J - a ring of willpower
 O - a +4 ring of protection
 R - an amulet of magic regeneration {@e1}
 S - a +6 ring of strength
 X - a +6 ring of dexterity (right hand)
 Z - a ring of wizardry (left hand)
Wands
 g - a wand of charming (10)
 C - a wand of flame (25)
 K - a wand of mindburst (10)
Scrolls
 d - 4 scrolls of magic mapping
 f - a scroll of fear
 i - a scroll of fog
 m - 2 scrolls of blinking
 q - a scroll of torment {unknown}
 r - 3 scrolls of vulnerability
 s - a scroll of immolation
 v - 4 scrolls of teleportation {@r4}
 D - 3 scrolls of enchant weapon
 P - a scroll of acquirement {unknown}
 T - a scroll of amnesia {unknown}
 U - a scroll of enchant armour {unknown}
 V - a scroll of poison {unknown}
Potions
 j - 2 potions of attraction
 k - 5 potions of flight
 l - 3 potions of curing {@q1}
 n - 2 potions of magic
 o - 3 potions of lignification
 p - 2 potions of resistance {unknown}
 u - 3 potions of haste {@q3}
 w - a potion of berserk rage {unknown}
 x - 4 potions of mutation {!q}
 F - 2 potions of heal wounds {unknown}
 H - 3 potions of brilliance
 I - 2 potions of might {unknown}


   Skills:
 - Level 5.8 Fighting
 - Level 2.0 Short Blades
 + Level 1.0 Staves
 - Level 5.5 Armour
 - Level 6.3 Dodging
 - Level 4.0 Spellcasting
 - Level 8.0 Conjurations
 - Level 2.1 Necromancy
 - Level 11.0 Air Magic
 - Level 1.0 Invocations
 + Level 5.2 Evocations


You had 3 spell levels left.
You knew the following spells:

 Your Spells              Type           Power      Damage    Failure   Level
b - Lightning Bolt        Conj/Air       26%        1d42      4%          5
t - Static Discharge      Conj/Air       100%       2-7/arc   1%          2
z - Shock                 Conj/Air       100%       1d9       1%          1
X - Arcjolt               Conj/Air       26%        1d36      4%          5
Y - Kiss of Death         Conj/Necr      80%        2d11      1%          1

Your spell library contained the following spells:

 Spells                   Type           Power      Damage    Failure   Level
 Foxfire                  Conj/Fire      68%        2x1d7     1%          1
 Cigotuvi's Dreadful Rot  Necr/Pois/Air  54%        N/A       2%          2
 Vhi's Electric Charge    Tloc/Air       66%        N/A       2%          3
 Necrotise                Necr           40%        1d6       3%          1
 Stone Arrow              Conj/Erth      34%        3d9       4%          3
 Sublimation of Blood     Necr           10%        N/A       5%          2
 Kindle Blastsparks       Fire/Tloc/Air  46%        2d13      6%          3
 Lesser Beckoning         Tloc           6%         N/A       13%         2
 Wereblood                Tmut           3%         N/A       13%         2
 Gell's Gravitas          Tloc           3%         N/A       26%         3
 Ozocubu's Armour         Ice            3%         N/A       26%         3
 Teleport Other           Tloc           3%         N/A       26%         3
 Dispel Undead            Necr           10%        3d9       32%         4
 Fireball                 Conj/Fire      8%         3d6       41%         5
 Animate Armour           Summ/Erth      6%         N/A       61%         4
 Metabolic Englaciation   Hex/Ice        1%         N/A       90%         5
 Starburst                Conj/Fire      8%         6d4       91%         6
 Death Channel            Necr           5%         N/A       99%         6
 Simulacrum               Ice/Necr       3%         N/A       100%        6
 Summon Hydra             Summ           1%         N/A       100%        7
 Lehudib's Crystal Spear  Conj/Erth      8%         10d4      100%        8


Dungeon Overview and Level Annotations

Branches:
Dungeon (10/15)            Temple (0/1) D:4            Lair (0/5) D:9
    Orc (0/2) D:9

Altars:
Ashenzari
Fedhas
Gozag
Makhleb
Xom
The Shining One

Annotations:
D:4 3 runed translucent doors, Leeroy's ghost, novice OpTm
D:6 3 runed translucent doors, rlgrobin's ghost, novice MeFi


Innate Abilities, Weirdness & Mutations

You have a beak for a mouth.
You have claws for feet.
Your magical nature lets you fly swiftly and evasively.


Message History

Confirm with . or Enter, or press ? or * to list all spells.
You feel a surge of power!
The yak is struck by an arc of lightning!
The yak is heavily wounded.
The yak is struck by an arc of lightning.
The yak is heavily wounded.
The lightning grounds out.
The yak gores you! The yak barely misses you.
Casting: Static Discharge (safe; 1% risk of failure)
Confirm with . or Enter, or press ? or * to list all spells.
You feel a surge of power!
The yak is struck by an arc of lightning!
The yak is severely wounded.
You resist.
You are struck by an arc of lightning.
The yak completely misses you. The yak gores you!
Casting: Static Discharge (safe; 1% risk of failure)
Confirm with . or Enter, or press ? or * to list all spells.
You feel a surge of power!
The yak is struck by an arc of lightning.
The yak is severely wounded.
The yak is struck by an arc of lightning!
The yak is heavily wounded.
The lightning grounds out.
The yak closely misses you. The yak gores you!
* * * LOW HITPOINT WARNING * * *
Casting: Static Discharge (safe; 1% risk of failure)
Confirm with . or Enter, or press ? or * to list all spells.
You feel a surge of power!
The yak is struck by an arc of lightning.
The yak is almost dead.
You resist.
You are struck by an arc of lightning.
The yak is struck by an arc of lightning.
The yak is severely wounded.
You resist.
You are struck by an arc of lightning.
* * * LOW HITPOINT WARNING * * *
The lightning grounds out.
* * * LOW MAGIC WARNING * * *
The yak gores you!
* * * LOW HITPOINT WARNING * * *
The yak gores you but does no damage. The yak gores you!
You die...

░ ░░ ░.
░░.░░
░.░...░░
░......░░░
░░....Y...░░
░....YQ....░
░░........░░
░░.....).░
░.......░
░░.....░░
░░░░░░░


You could see 2 yaks.

Vanquished Creatures
  A fire crab (D:9)
  Grinder (D:5)
  Prince Ribbit (D:5)
  A wyvern (D:7)
  A wraith (D:9)
  5 yaks (D:9)
  2 steam dragons
  An acid dragon (D:8)
  An ice beast (D:6)
  An orc warrior (D:7)
  A sky beast (D:7)
  2 black bears
  4 ogres (D:5)
  2 centaurs (D:9)
  2 kobold brigands
  A scorpion (D:6)
  A bullfrog (D:9)
  4 wights (D:7)
  16 killer bees
  An electric eel (D:9)
  5 howler monkeys
  2 hounds
  4 orc priests
  A gnoll bouda (D:6)
  A jelly (D:5)
  Crazy Yiuf (D:5)
  6 iguanas
  9 orc wizards
  11 gnolls
  8 adders
  3 shadow imps (D:6)
  3 white imps
  5 worms
  2 dart slugs
  37 orcs
  4 ball pythons
  5 bats
  12 endoplasms
  7 giant cockroaches
  9 goblins
  7 hobgoblins
  7 jackals
  4 quokkas
  6 frilled lizards
  13 kobolds
  7 rats
228 creatures vanquished.

Vanquished Creatures (others)
  4 fungi (D:5)
4 creatures vanquished.

Grand Total: 232 creatures vanquished

Notes
Turn   | Place    | Note
-------+----------+-------------------------------------------
     0 | D:1      | utis the Tengu Wanderer began the quest for the Orb.
     0 | D:1      | utis set off with the following items: a +0 club, a scroll
                  | of teleportation {@r4}, a +0 scale mail; and the following
                  | spells available to memorise: Necrotise, Shock, Kiss of
                  | Death, Kindle Blastsparks, Dispel Undead.
     0 | D:1      | Reached XP level 1. HP: 12/12 MP: 4/4
     2 | D:1      | Learned a level 1 spell: Shock
   246 | D:1      | Reached skill level 1 in Conjurations
   246 | D:1      | Reached skill level 3 in Air Magic
   275 | D:1      | Reached XP level 2. HP: 17/17 MP: 3/6
   439 | D:1      | Reached skill level 1 in Dodging
   989 | D:1      | Reached XP level 3. HP: 18/21 MP: 7/7
  1000 | D:1      | Learned a level 1 spell: Kiss of Death
  1562 | D:2      | Reached XP level 4. HP: 25/27 MP: 2/8
  1857 | D:2      | Found a glowing golden altar of the Shining One.
  2330 | D:2      | Reached skill level 4 in Air Magic
  2871 | D:3      | Gained mutation: Your magical nature lets you fly swiftly
                  | and evasively. [Tengu growth]
  2871 | D:3      | Reached XP level 5. HP: 23/31 MP: 9/9
  3487 | D:3      | Found a faded altar of an unknown god.
  3546 | D:3      | Reached skill level 1 in Short Blades
  3901 | D:4      | Learned a level 2 spell: Static Discharge
  4073 | D:4      | Reached XP level 6. HP: 15/37 MP: 10/10
  4495 | D:4      | Found a runed translucent gate.
  4499 | D:4      | Found a runed translucent gate.
  4501 | D:4      | Found a runed translucent gate.
  4572 | D:4      | Noticed an ice beast
  4572 | D:4      | Noticed Leeroy's ghost (novice OpTm)
  4585 | D:4      | Noticed an ice beast
  4604 | D:4      | Found a staircase to the Ecumenical Temple.
  4864 | D:4      | Learned a level 5 spell: Arcjolt
  5294 | D:5      | Entered Level 5 of the Dungeon
  5314 | D:5      | Reached skill level 5 in Air Magic
  5460 | D:5      | Noticed Grinder
  5472 | D:5      | ooops
  5491 | D:5      | Reached XP level 7. HP: 41/41 MP: 6/11
  5573 | D:5      | Killed Grinder
  5574 | D:5      | Reached skill level 5 in Conjurations
  5574 | D:5      | Reached skill level 6 in Air Magic
  5840 | D:5      | Found a burning altar of Makhleb.
  6089 | D:5      | Reached skill level 7 in Air Magic
  6089 | D:5      | Reached XP level 8. HP: 46/46 MP: 8/14
  6137 | D:5      | Learned a level 5 spell: Lightning Bolt
  6890 | D:5      | Noticed Prince Ribbit
  7494 | D:5      | Killed Prince Ribbit
  8081 | D:5      | Found a runed translucent door.
  8082 | D:5      | Noticed Crazy Yiuf
  8107 | D:5      | Killed Crazy Yiuf
  8320 | D:6      | Reached skill level 5 in Dodging
  8320 | D:6      | Reached XP level 9. HP: 45/52 MP: 10/16
  8509 | D:6      | Reached skill level 5 in Fighting
  8697 | D:6      | Found a runed translucent gate.
  8697 | D:6      | Found a runed translucent gate.
  8698 | D:6      | Found a runed translucent gate.
  8700 | D:6      | Noticed rlgrobin's ghost (novice MeFi)
  9303 | D:7      | Reached skill level 5 in Armour
  9989 | D:7      | Reached skill level 1 in Evocations
 11066 | D:8      | Reached skill level 5 in Evocations
 11341 | D:8      | Reached XP level 10. HP: 30/60 MP: 8/17
 11509 | D:8      | Found a broken altar of Ashenzari.
 11509 | D:8      | Found a blossoming altar of Fedhas.
 11510 | D:8      | Found an opulent altar of Gozag.
 11515 | D:8      | Found a shimmering altar of Xom.
 12177 | D:9      | Reached skill level 8 in Air Magic
 12658 | D:9      | Reached skill level 9 in Air Magic
 13052 | D:9      | Found a staircase to the Orcish Mines.
 13103 | D:9      | Found a staircase to the Lair.
 13103 | D:9      | Noticed a fire crab
 13242 | D:9      | Killed a fire crab
 13243 | D:9      | Reached skill level 10 in Air Magic
 13597 | D:9      | Reached skill level 11 in Air Magic
 13753 | D:10     | Entered Level 10 of the Dungeon
 13763 | D:9      | Reached skill level 1 in Staves
 13815 | D:10     | Slain by a yak

Illustrated notes

. ░░.░░..░ ░░. ░..░░..░ ░░
░.. ░.░░..░ .░░ .░ ...
░░.░..░ ..░..░
░░.░░░░....░░░░.....░
░....░░░....░░.░ ░
░░.░....░......░░ .░ ░. ░.
░░░........░░ .. ░.░░.
░░Q➘.....░░ ...
░...░░░░O░░......░░ ░░░...
░.5.O..5░░░░░..░..░░░.....
░..░░░...░░ ░.░░░░....░░░.
░.. ░░...░ ░░.░ ░░..░░░ .
░....░░░.░░░░...░░
░........░░░...░.░
.......░.░...░░░.....░
.....░░░░░...░░ ░░...░░


Turn 5472 on D:5: ooops

Levels and vault maps discovered:
D:1:      dpeg_arrival_stone_temple_mockup, layout_rooms
D:2:      minmay_angry_zag, layout_loops_ring, basic_altar, minmay_vboxes
D:3:      layout_loops_cross, hellmonk_ecumenical_altar_inner_sanctum,
          minmay_circle_x
D:4:      layout_loops_ring, minmay_temple_entry_drinking_statues,
          gammafunk_ghost_icy
D:5:      layout_layer_cave, lemuel_coloured_pillars_altar,
          corexii_checkpoint_b, nicolae_fountain_basement,
          uniq_crazy_yiuf_cottage, uniq_grinder, uniq_prince_ribbit1
D:6:      layout_basic, biasface_ghost_orc_armoury
D:7:      kennysheep_spiral_hall, layout_basic
D:8:      layout_loops_cross, grunt_temple_overflow_open
D:9:      layout_basic, minmay_lair_entry_lava, orc_0_dummy
D:10:     layout_cave_pods, yredelemnul_altar_generic, uniq_snorg

Skill      XL: |  1  2  3  4  5  6  7  8  9 10 |
---------------+-------------------------------+-----
Conjurations   | 1 2 3 4 6 8 |  8.0
Air Magic      | 3 4 5 7 11 | 11.0
Dodging        | 1 2 3 5 6 |  6.3
Fighting       | 3 4 5 |  5.8
Short Blades   | 2 |  2.0
Spellcasting   | 3 4 |  4.0
Armour         | 4 5 |  5.5
Evocations     | 5 |  5.2
Staves         | 1 |  1.0
Necromancy     | |  2.1
Invocations    | |  1.0

Action                     |  1- 3 |  4- 6 |  7- 9 | 10-12 || total
---------------------------+-------+-------+-------+-------++-------
  Melee: Club              |     8 |       |       |       ||     8
         Kick              |     4 |    28 |    18 |    13 ||    63
         Peck              |     1 |    19 |    15 |     5 ||    40
         Short sword       |     7 |     6 |       |       ||    13
         Dagger            |       |   103 |    64 |    31 ||   198
         Punch             |       |     2 |     1 |     1 ||     4
         Staff             |       |       |     8 |     6 ||    14
   Cast: Shock             |    43 |    81 |   167 |    27 ||   318
         Static Discharge  |       |       |    13 |    11 ||    24
         Kiss of Death     |       |       |     2 |       ||     2
         Lightning Bolt    |       |       |       |     7 ||     7
         Arcjolt           |       |       |       |     3 ||     3
  Evoke: Wand              |       |       |       |     2 ||     2
    Use: Scroll            |       |       |    15 |     1 ||    16
         Potion            |       |       |     1 |     1 ||     2
 Armour: Scale mail        |     4 |     9 |    57 |     1 ||    71
         Leather armour    |    10 |    22 |       |       ||    32
         Acid dragon scale |       |       |       |    21 ||    21
  Dodge: Dodged            |    27 |    89 |   111 |    89 ||   316

Table legend: (Time is in decaauts)
 A = Elapsed time spent in this place.
 B = Non-inter-level travel time spent in this place.
 C = Inter-level travel time spent in this place.
 D = Time resting spent in this place.
 E = Time spent auto-exploring this place.
 F = Levels seen in this place.
 G = Mean time per level.
                   A        B        C        D        E       F      G
               +--------+--------+--------+--------+--------+-----+--------+
         Total |  13142 |  12692 |    450 |   4264 |   6246 |  10 | 1314.2 |
       Dungeon |  13142 |  12692 |    450 |   4264 |   6246 |  10 | 1314.2 |
               +--------+--------+--------+--------+--------+-----+--------+

Top non-repeatable levels by time:
     D:5: 2635 daAuts
     D:2: 1565 daAuts
     D:7: 1538 daAuts
     D:4: 1397 daAuts
     D:9: 1391 daAuts
     D:8: 1301 daAuts
     D:1: 1212 daAuts
     D:6: 1071 daAuts
     D:3: 1020 daAuts
    D:10: 8 daAuts
